 Dungeon Crawl Stone Soup version 0.31-a0-358-gac0dbeb3ab (webtiles) character file.

Game seed: 2568024716848848060

489 AdnanSaban the Cudgeller (level 7, -2/44 HPs)
             Began as a Gargoyle Fighter on July 26, 2023.
             Killed from afar by a steam dragon (23 damage)
             ... with a ball of steam
             ... on level 4 of the Dungeon.
             The game lasted 00:02:26 (2963 turns).

AdnanSaban the Cudgeller (Gargoyle Fighter)         Turns: 2963, Time: 00:02:27

Health: -2/44      AC: 12    Str: 22    XL:     7   Next: 14%
Magic:  7/7        EV:  9    Int:  8    God:
Gold:   261        SH:  4    Dex:  9    Spells: 6/6 levels left

rFire   . . .        t - +1 flail (protect)
rCold   . . .        c - +0 buckler
rNeg    + . .        b - +0 scale mail
rPois   ∞            (no helmet)
rElec   +            (no cloak)
rCorr   .            (no gloves)
SInv    .            (no boots)
Will    .....        (no amulet) Stlth
                     (no ring)
HPRegen 0.27/turn    (no ring)
MPRegen 0.10/turn

%: no passive effects
@: no status effects
A: sickness immunity, AC +4, negative energy resistance 1, electricity
resistance, torment resistance 1, petrification resistance
a: no special abilities


You were on level 4 of the Dungeon.
You visited 1 branch of the dungeon, and saw 4 of its levels.

You collected 261 gold pieces.

Inventory:

Hand Weapons
 t - a +1 flail of protection (weapon)
Missiles
 g - 6 boomerangs (quivered)
Armour
 b - a +0 scale mail (worn)
 c - a +0 buckler (worn)
Scrolls
 a - a scroll of torment {unknown}
 j - 5 scrolls of identify {unknown}
 k - 2 scrolls of poison {unknown}
 l - 2 scrolls of teleportation {unknown}
 m - a scroll of enchant weapon {unknown}
 n - a scroll of fog {unknown}
 o - a scroll of amnesia {unknown}
 q - a scroll of fear {unknown}
 s - a scroll of noise {unknown}
Potions
 d - a potion of might
 e - 10 potions of curing {unknown}
 f - a potion of berserk rage {unknown}
 h - 4 potions of attraction {unknown}
 i - 2 potions of lignification {unknown}
 p - a potion of haste {unknown}
 r - 3 potions of heal wounds {unknown}
 u - 2 potions of ambrosia {unknown}


   Skills:
 + Level 4.3 Fighting
 + Level 5.2 Maces & Flails
 + Level 0.7 Throwing
 + Level 4.7 Armour
 + Level 1.2 Dodging
 + Level 4.3 Shields


You had 6 spell levels left.
You didn't know any spells.
Your spell library was empty.

Dungeon Overview and Level Annotations

Branches:
Dungeon (4/15)
 Temple: D:4-7

Altars:

Shops:
D:1 *   D:2 *


Innate Abilities, Weirdness & Mutations

You are immune to sickness and miasma.
Your stone body is resilient. (AC +4)
You are immune to poison.
You resist negative energy. (rN+)
You are resistant to electric shocks. (rElec)
You are resistant to unholy torment.
You are immune to petrification.


Message History

The ball python hisses angrily.
The steam dragon breathes steam at you. The ball of steam misses you.
The steam dragon moves out of view.
Found 10 gold pieces.
The steam dragon breathes steam at you.
The ball of steam hits the ball python!!
The ball python dies!
The ball of steam hits you!
You sock the steam dragon!
Your weapon exudes an aura of protection.
The steam dragon is moderately wounded.
The steam dragon bites you but does no damage.
The steam dragon claws you but does no damage.
You hit the steam dragon but do no damage.
The steam dragon is moderately wounded.
The steam dragon bites you! You block the steam dragon's attack.
The worm is engulfed in a cloud of scalding steam.
The worm dies!
The steam dragon bites you but does no damage.
The steam dragon completely misses you.
You hit the steam dragon.
The steam dragon is moderately wounded.
You are engulfed in a cloud of scalding steam.
The steam dragon bites you but does no damage.
The steam dragon claws you but does no damage.
You completely miss the steam dragon.
The steam dragon is moderately wounded.
The steam dragon bites you but does no damage.
The steam dragon claws you but does no damage.
The steam dragon attacks as you move away!
The steam dragon bites you. The steam dragon barely misses you.
The steam dragon breathes steam at you. The ball of steam misses you.
You hear a shout!
You are engulfed in a cloud of scalding steam.
Something unseen opens the door.
The steam dragon breathes steam at you. The ball of steam hits you!!
Ouch! That really hurt!
You die...

# #.## #.#.)######.
####.##########.#.........
#...............##<#######
#..................#
#...####.....####..# #...#
##...##.)#..# #...#
##.##...#..# #.#.##
#.#)..##..#
..#..##.'#.#')##@..#
..#...###...###§...#
..........8§.D§....#
###...###...###...## #
#..##.†#.#).##..#
#.##...#.#...##.#
#.#...##.##...#.#
###.#$.##...##.(#.#
.##.####.....####.#


There were no monsters in sight!

Vanquished Creatures
  2 black bears (D:4)
  Blork the orc (D:4)
  A howler monkey (D:4)
  Natasha (thrice) (D:3)
  7 adders
  2 worms
  2 dart slugs (D:1)
  6 ball pythons
  7 endoplasms
  A giant cockroach (D:4)
  8 goblins
  5 hobgoblins
  3 jackals (D:2)
  4 quokkas
  4 bats
  3 frilled lizards
  4 kobolds
  7 rats
70 creatures vanquished.

Vanquished Creatures (others)
  A worm (D:4)
  A ball python (D:4)
2 creatures vanquished.

Grand Total: 72 creatures vanquished

Notes
Turn   | Place    | Note
-------+----------+-------------------------------------------
     0 | D:1      | AdnanSaban the Gargoyle Fighter began the quest for the
                  | Orb.
     0 | D:1      | Reached XP level 1. HP: 14/14 MP: 1/1
   160 | D:1      | Reached XP level 2. HP: 12/19 MP: 2/2
   263 | D:1      | Found a faded altar of an unknown god.
   396 | D:1      | Found Uttap's Assorted Antiques.
   763 | D:2      | Reached XP level 3. HP: 23/23 MP: 3/3
   801 | D:2      | Found Toatanul's General Store.
  1560 | D:3      | Reached XP level 4. HP: 10/28 MP: 4/4
  1688 | D:3      | Reached skill level 3 in Maces & Flails
  1863 | D:3      | Noticed Natasha
  1873 | D:3      | Killed Natasha
  2049 | D:3      | Noticed Natasha
  2058 | D:3      | Killed Natasha
  2059 | D:3      | Reached XP level 5. HP: 27/33 MP: 5/5
  2186 | D:3      | Noticed Natasha
  2193 | D:3      | Killed Natasha
  2528 | D:4      | Reached skill level 4 in Maces & Flails
  2626 | D:4      | Noticed Blork the orc
  2634 | D:4      | Killed Blork the orc
  2635 | D:4      | Reached XP level 6. HP: 29/38 MP: 6/6
  2777 | D:4      | Noticed a black bear
  2784 | D:4      | Killed a black bear
  2785 | D:4      | Reached skill level 5 in Maces & Flails
  2785 | D:4      | Reached skill level 1 in Dodging
  2880 | D:4      | Identified the +0 dagger of the Spider Nest {heavy, Str+6}
  2887 | D:4      | Noticed a black bear
  2901 | D:4      | Killed a black bear
  2902 | D:4      | Reached XP level 7. HP: 32/44 MP: 7/7
  2948 | D:4      | Noticed a steam dragon
  2963 | D:4      | Killed from afar by a steam dragon

Illustrated notes

Levels and vault maps discovered:
D:1:      minmay_arrival_nine_rooms, layout_basic, serial_shops, shop,
          chequers_ecumenical_altar_simple, kennysheep_doodads,
          nicolae_figureground_pulse
D:2:      layout_loops_ring, serial_shops, shop, minmay_tall_x
D:3:      layout_loops_ring, uniq_natasha
D:4:      cheibrodos_barr_body, layout_basic, serial_park_tiny_2,
          uniq_blork_the_orc

Skill      XL: |  1  2  3  4  5  6 |
---------------+-------------------+-----
Maces & Flails | 3 4 5 |  5.2
Armour         | 4 |  4.7
Shields        | 4 |  4.3
Fighting       | 4 |  4.3
Dodging        | 1 |  1.2
Throwing       | |  0.7

Action                     |  1- 3 |  4- 6 |  7- 9 || total
---------------------------+-------+-------+-------++-------
  Melee: Flail             |   113 |   136 |     5 ||   254
  Throw: Boomerang         |       |     6 |       ||     6
 Armour: Scale mail        |    61 |   108 |     8 ||   177
  Dodge: Dodged            |    51 |    66 |     4 ||   121
  Block: Buckler           |    35 |    34 |     1 ||    70

Table legend: (Time is in decaauts)
 A = Elapsed time spent in this place.
 B = Non-inter-level travel time spent in this place.
 C = Inter-level travel time spent in this place.
 D = Time resting spent in this place.
 E = Time spent auto-exploring this place.
 F = Levels seen in this place.
 G = Mean time per level.
                   A        B        C        D        E       F      G
               +--------+--------+--------+--------+--------+-----+--------+
         Total |   3051 |   2903 |    148 |      0 |   2334 |   4 |  762.8 |
       Dungeon |   3051 |   2903 |    148 |      0 |   2334 |   4 |  762.8 |
               +--------+--------+--------+--------+--------+-----+--------+

Top non-repeatable levels by time:
     D:3: 904 daAuts
     D:1: 769 daAuts
     D:2: 765 daAuts
     D:4: 612 daAuts
